 Dungeon Crawl Stone Soup version 0.28-a0-1629-gf728b707aa (webtiles) character file.

Game seed: 4389896916620007157

49 HallandMoats the Skirmisher (level 3, -1/31 HPs)
             Began as a Ghoul Fighter on Jan 24, 2022.
             Slain by a goblin (2 damage)
             ... led by Robin
             ... on level 2 of the Dungeon.
             The game lasted 00:01:16 (1623 turns).

HallandMoats the Skirmisher (Ghoul Fighter)         Turns: 1623, Time: 00:01:17

Health: -1/31      AC:  6    Str: 19    XL:     3   Next: 75%
Magic:  2/2        EV:  9    Int:  5    God:
Gold:   27         SH:  4    Dex:  8    Spells: 2/2 levels left

rFire   . . .      SeeInvis .   a - +0 trident
rCold   + . .      Faith    .   c - +0 buckler
rNeg    + + +      Spirit   .   b - +0 scale mail
rPois   ∞          Reflect  .   (no helmet)
rElec   .          Harm     .   (no cloak)
rCorr   .          Rampage  .   (no gloves)
Will    .....                   (no boots)
Stlth   ..........              (no amulet)
HPRegen 0.00/turn               (no ring)
MPRegen 0.08/turn               (no ring)

@: inhibited regen
A: claws 1, cold resistance 1, negative energy resistance 3, inhibited
regeneration, torment resistance 2
a: no special abilities


You were on level 2 of the Dungeon.
You visited 1 branch of the dungeon, and saw 2 of its levels.

You collected 27 gold pieces.

Inventory:

Hand Weapons
 a - a +0 trident (weapon)
Armour
 b - a +0 scale mail (worn)
 c - a +0 buckler (worn)
Scrolls
 e - 2 scrolls of identify {unknown}
 f - a scroll of acquirement {unknown}
Potions
 d - a potion of might
 g - a potion of haste {unknown}


   Skills:
 + Level 3.6 Fighting
 * Level 2.5 Polearms
 + Level 3.0 Armour
 + Level 1.0 Dodging
 + Level 3.0 Shields


You had 2 spell levels left.
You didn't know any spells.
Your spell library was empty.

Dungeon Overview and Level Annotations

Branches:
Dungeon (2/15)

Altars:

Annotations:
D:2 Robin


Innate Abilities, Weirdness & Mutations

You thrive by killing the living.
You are immune to poison.
You have sharp fingernails.
Your flesh is cold resistant. (rC+)
You are immune to negative energy. (rN+++)
You do not regenerate when monsters are visible.
You are immune to unholy pain and torment.


Message History

The goblin hits you with a +0 dagger.
You barely miss the goblin. The goblin barely misses you.
You block the goblin's attack. The goblin barely misses you.
You puncture the goblin!
You kill the goblin!
You feel better. The goblin hits you but does no damage.
Things that are here:
a +0 club; a goblin corpse You puncture the goblin!
You kill the goblin!
Robin throws the goblin at you!
Your Armour skill increases to level 3!
You barely miss Robin.
The goblin unwields a +0 hunting sling.
The goblin wields a +0 club.
The goblin hits you but does no damage. Robin hits you but does no damage.
You hit Robin.
Robin is lightly wounded.
The goblin no longer looks unusually strong.
The goblin hits you but does no damage.
Robin hits you with a +2 dagger of venom.
You hit Robin.
Robin is lightly wounded.
The goblin hits you with a +0 club.
* * * LOW HITPOINT WARNING * * *
Robin hits you with a +2 dagger of venom.
* * * LOW HITPOINT WARNING * * *
You closely miss Robin.
Robin is lightly wounded.
The goblin hits you with a +0 club.
* * * LOW HITPOINT WARNING * * *
Robin roars a battlecry!
The goblin goes into a battle-frenzy!
You puncture Robin!
Robin is severely wounded.
The goblin hits you with a +0 club.
* * * LOW HITPOINT WARNING * * *
Robin hits you but does no damage. The goblin hits you but does no damage.
You closely miss the goblin. Robin barely misses you.
The goblin hits you with a +0 club.
You die...

#..## #....
#...#############
#.#.....#####....
###.#####.......###
#...######.........
#....<.....##.>....
#########.....#####
######......#####
#.wg@g.######
#.###### ... ...##
..... .... ... ...


You could see a worm, Robin and a goblin (strong).

Vanquished Creatures
  A worm (D:2)
  2 endoplasms (D:1)
  3 giant cockroaches
  12 goblins
  6 hobgoblins
  2 kobolds
  2 quokkas (D:2)
  2 ball pythons
  3 bats (D:1)
  A frilled lizard (D:1)
  6 rats
40 creatures vanquished.

Notes
Turn   | Place    | Note
-------+----------+-------------------------------------------
     0 | D:1      | HallandMoats the Ghoul Fighter began the quest for the Orb.
     0 | D:1      | Reached XP level 1. HP: 19/19 MP: 0/0
   239 | D:1      | Reached XP level 2. HP: 26/26 MP: 1/1
  1011 | D:1      | Reached XP level 3. HP: 31/31 MP: 2/2
  1579 | D:2      | Noticed Robin
  1598 | D:2      | Reached skill level 1 in Dodging
  1622 | D:2      | HP: 1/31 [goblin[Robin] (2)]
  1623 | D:2      | Slain by a goblin

Illustrated notes

Levels and vault maps discovered:
D:1:      wander_arrival_chamber, layout_basic
D:2:      layout_rooms, ebering_ecumenical_altar_petrified, grunt_ministairs_7,
          uniq_robin

Skill      XL: |  1  2  3 |
---------------+----------+-----
Polearms       | 2 |  2.5
Shields        | 3 |  3.0
Dodging        | 1 |  1.0
Armour         | 3 |  3.0
Fighting       | |  3.6

Action                   || total
-------------------------++-------
Melee: Trident           ||   145
Armor: Scale mail        ||    42
Dodge: Dodged            ||    58
Block: Buckler           ||    14

Table legend: (Time is in decaauts)
 A = Elapsed time spent in this place.
 B = Non-inter-level travel time spent in this place.
 C = Inter-level travel time spent in this place.
 D = Time resting spent in this place.
 E = Time spent auto-exploring this place.
 F = Levels seen in this place.
 G = Mean time per level.
                   A        B        C        D        E       F      G
               +--------+--------+--------+--------+--------+-----+--------+
         Total |   1655 |   1603 |     52 |      0 |   1347 |   2 |  827.5 |
       Dungeon |   1655 |   1603 |     52 |      0 |   1347 |   2 |  827.5 |
               +--------+--------+--------+--------+--------+-----+--------+

Top non-repeatable levels by time:
     D:1: 1188 daAuts
     D:2: 466 daAuts
